 Dungeon Crawl Stone Soup version 0.23.0 (webtiles) character file.

Game seed: 16047247914482695651

70 theswoord the Chopper (level 4, -7/33 HPs)
             Began as a Demonspawn Gladiator on Feb 17, 2019.
             Killed by divine providence
             ... invoked by an orc priest
              (15 damage)
             ... on level 3 of the Dungeon.
             The game lasted 00:02:22 (1245 turns).

theswoord the Chopper (Demonspawn Gladiator)        Turns: 1245, Time: 00:02:23

Health: -7/33      AC: 12    Str: 14    XL:     4   Next: 4%
Magic:  4/4        EV:  4    Int: 11    God:
Gold:   79         SH:  0    Dex: 16    Spells: 3/3 levels left

rFire    + + .     SeeInvis .   a - +0 war axe
rCold    + . .     Gourm    .   (no shield)
rNeg     . . .     Faith    .   g - +0 plate armour
rPois    .         Spirit   .   c - +0 helmet
rElec    .         Reflect  .   e - scarf {rC+ rF+}
rCorr    .         Harm     .   (no gloves)
MR       .....                  (no boots)
Stlth    ..........             (no amulet)
HPRegen  0.11/turn              m - +2 ring of intelligence
MPRegen  0.09/turn              (no ring)

@: no status effects
A: rugged brown scales 1, fire resistance 1
a: no special abilities


You were on level 3 of the Dungeon.
You were not hungry.

You visited 1 branch of the dungeon, and saw 3 of its levels.

You collected 79 gold pieces.

Inventory:

Hand Weapons
 a - a +0 war axe (weapon)
Missiles
 d - 3 throwing nets (quivered)
Armour
 b - a +0 leather armour
 c - a +0 helmet (worn)
 e - a scarf of resistance (worn)
 g - a +0 plate armour (worn)
Jewellery
 m - a +2 ring of intelligence (left hand)
Wands
 k - a wand of iceblast (14)
Scrolls
 h - a scroll of immolation
 l - a scroll of magic mapping {unknown}
Potions
 i - a potion of curing
 j - 2 potions of might {unknown}
 n - a potion of haste {unknown}
 o - 3 potions of heal wounds {unknown}
 p - a potion of cancellation {unknown}
Comestibles
 f - 9 rations


   Skills:
 - Level 2.0 Fighting
 + Level 4.5 Axes
 - Level 1.7 Throwing
 - Level 2.6 Dodging


You had 3 spell levels left.
You didn't know any spells.
Your spell library was empty.

Dungeon Overview and Level Annotations

Branches:
Dungeon (3/15)

Altars:
Kikubaaqudgha


Innate Abilities, Weirdness & Mutations

You are partially covered in rugged brown scales. (AC +1, +3% HP)
Your flesh is heat resistant. (rF+)


Message History

You closely miss the adder. You hit the orc.
The orc hits you but does no damage. The adder barely misses you.
An orc opens the door.
You slash the orc!
You kill the orc!
You hit the adder. The adder barely misses you.
The adder bites you but does no damage. The orc hits you but does no damage.
Your plate armour prevents you from hitting the adder.
You hit the orc but do no damage. The adder bites you.
The orc hits you but does no damage. The adder bites you but does no damage.
The orc hits you.
There is an open door, spattered with blood here.
The orc priest mumbles some strange prayers to Beogh against you.
Beogh smites you!
* * * LOW HITPOINT WARNING * * *
The adder bites you but does no damage.
You closely miss the adder. The adder bites you but does no damage.
The orc priest calls down the wrath of Beogh upon you.
Beogh smites you!
You die...

.................
............#...# #.
....!.......#...#. #.#
....?.......#...#.##.#
...........<....#..#.#
.=.?......##....##.#.#
......)...$.....##...#######
...#...#o###...............#
....#.#.KoS@.....)...÷.....#
........o###...............#
...##.#..# #.##.....(......#
# #....# #.##......<.....#
.....# #.##....[.......#
##.#### #........(.....$# #.
#######..÷.(##### ..
#..........# #..........##


You could see an orc priest, an adder, 2 orcs and a kobold.

Vanquished Creatures
  An adder (D:3)
  An ooze (D:1)
  3 worms (D:2)
  A dart slug (D:2)
  5 leopard geckos
  3 orcs (D:3)
  A bat (D:1)
  A giant cockroach (D:1)
  4 goblins
  6 hobgoblins
  2 frilled lizards (D:1)
  6 kobolds
  2 rats (D:3)
36 creatures vanquished.

Notes
Turn   | Place    | Note
-------+----------+-------------------------------------------
     0 | D:1      | theswoord the Demonspawn Gladiator began the quest for the
                  | Orb.
     0 | D:1      | Reached XP level 1. HP: 16/16 MP: 1/1
    22 | D:1      | Reached skill level 3 in Axes
    64 | D:1      | Gained mutation: You are partially covered in rugged brown
                  | scales. (AC +1, +3% HP) [demonic ancestry]
    64 | D:1      | Reached XP level 2. HP: 16/22 MP: 2/2
   561 | D:2      | Reached XP level 3. HP: 27/27 MP: 3/3
   586 | D:2      | Found an ancient bone altar of Kikubaaqudgha.
   640 | D:2      | Reached skill level 4 in Axes
   679 | D:2      | Found a faded altar of an unknown god.
  1234 | D:3      | Gained mutation: Your flesh is heat resistant. (rF+)
                  | [demonic ancestry]
  1234 | D:3      | Reached XP level 4. HP: 32/33 MP: 4/4
  1245 | D:3      | Killed from afar by an orc priest

Skill      XL: |  1  2  3 |
---------------+----------+-----
Axes           | 3 4 |  4.5
Fighting       | |  2.0
Throwing       | |  1.7
Dodging        | |  2.6

Action                   |  1- 3 |  4- 6 || total
-------------------------+-------+-------++-------
Melee: War axe           |    98 |     6 ||   104
  Use: Scroll            |     4 |       ||     4
       Potion            |     1 |       ||     1
 Stab: Sleeping          |     1 |       ||     1
  Eat: Chunk             |     1 |       ||     1
Armor: Leather armour    |    36 |       ||    36
       Plate armour      |    11 |    10 ||    21
Dodge: Dodged            |    48 |     4 ||    52

Levels and vault maps discovered:
D:1:      dpeg_arrival_tiny_k, layout_rooms
D:2:      layout_basic, kiku_gazebo_pond_becter,
          chequers_ecumenical_altar_simple_redux,
          chequers_serial_rivers_small_a, minmay_misc_feat_plants
D:3:      layout_basic, hangedman_abyss_or_decor_lesser_grid
